 Dungeon Crawl Stone Soup version 0.29.1-15-g9cfb28693d (webtiles) character file.

Game seed: 4996428473019134651

14 croobank the Sneak (level 2, -5/21 HPs)
             Began as an Octopode Delver on Apr 24, 2023.
             Was an Initiate of Hepliaklqana.
             Slain by an iguana (11 damage)
             ... on level 4 of the Dungeon.
             The game lasted 00:06:22 (678 turns).

croobank the Sneak (Octopode Delver)                 Turns: 678, Time: 00:06:22

Health: -5/21      AC:  1    Str: 11    XL:     2   Next: 45%
Magic:  2/2        EV: 13    Int: 12    God:    Hepliaklqana [......]
Gold:   31         SH:  0    Dex: 13    Spells: 1/1 levels left

rFire   . . .      SeeInvis .     - Unarmed
rCold   . . .      Faith    .   (no shield)
rNeg    . . .      Spirit   .   (helmet restricted)
rPois   .          Reflect  .   (no amulet)
rElec   .          Harm     .   (no ring)
rCorr   .          Rampage  .   (no ring)
Will    .....                   (no ring)
Stlth   ++++......              (no ring)
HPRegen 0.07/turn               (no ring)
MPRegen 0.08/turn               (no ring)
                                (no ring)
                                (no ring)

@: no status effects
A: almost no armour, amphibious, 8 rings, camouflage 1, gelatinous body 1,
(nimble swimmer 1), tentacles
a: Renounce Religion


You were on level 4 of the Dungeon.
You worshipped Hepliaklqana.
Hepliaklqana was noncommittal.
You visited 2 branches of the dungeon, and saw 5 of its levels.

You collected 31 gold pieces.

Inventory:

Hand Weapons
 b - a +0 sling
Missiles
 c - 2 boomerangs (quivered)
Wands
 e - a wand of digging (3)
Scrolls
 a - a scroll of fog
 d - a scroll of enchant weapon {unknown}
 f - a scroll of immolation {unknown}
 i - a scroll of magic mapping
 j - a scroll of identify {unknown}
Potions
 g - a potion of invisibility {unknown}
 h - 2 potions of might {unknown}


   Skills:
 + Level 3.1 Fighting
 + Level 2.1 Dodging
 + Level 6.7 Stealth
 + Level 2.2 Unarmed Combat
 * Level 0.9 Invocations


You had one spell level left.
You didn't know any spells.
Your spell library was empty.

Dungeon Overview and Level Annotations

Branches:
Dungeon (6/15)             Temple (1/1) D:4

Altars:
Dithmenos
Elyvilon
Fedhas
Gozag
Hepliaklqana
Kikubaaqudgha
Makhleb
Nemelex Xobeh
Okawaru
Qazlal
Vehumet
Wu Jian
Xom
Zin
The Shining One


Innate Abilities, Weirdness & Mutations

You cannot wear most types of armour.
You are amphibious.
You can wear up to eight rings at the same time.
Your skin changes colour to match your surroundings (Stealth+).
Your rubbery body absorbs attacks. (AC +1, EV +1)
((You are camouflaged when in or above water. (Stealth+)))
You have tentacles for arms and can constrict up to eight enemies at once.


Message History

Adjust to which letter? (? for menu, Esc to quit)
b - a +0 sling;
i - a scroll of magic mapping HP restored.
A goblin comes into view. It is wielding a +0 dagger.
The goblin shouts!
You barely miss the goblin. Your grab misses the goblin.
You squeeze the goblin.
You kill the goblin!
Things that are here:
a +0 dagger; a goblin corpse You now have 26 gold pieces (gained 8).
You now have 31 gold pieces (gained 5).
A goblin comes into view. It is wielding a +0 club.
Found a scroll labelled OSUTUO MUSHIGO and a scroll of fear.
An orc comes into view. It is wielding a +0 trident.
An orc comes into view. It is wielding a +0 dagger.
You see here a scroll labelled OSUTUO MUSHIGO.
j - a scroll labelled OSUTUO MUSHIGO The goblin shouts!
A worm comes into view.
The orc shouts!
You hear a shout!
The goblin hits you with a +0 club.
You closely miss the goblin. Your grab misses the goblin.
The goblin hits you with a +0 club.
You closely miss the goblin. You grab the goblin. You constrict the goblin.
The goblin hits you with a +0 club.
You tentacle-slap the goblin.
You kill the goblin!
The worm bites you!
* * * LOW HITPOINT WARNING * * *
Okay, then.
Okay, then.
Found 7 stones.
Found a stone staircase leading down.
There is a stone staircase leading down here.
You climb downwards.
The iguana hisses angrily.
The iguana hisses menacingly.
The iguana bites you!
Ouch! That really hurt!
You die...

# #.gg...?... .#.
#.#.##########
...#+#)#<###......#
#........##....>.#
+........##......##
#........+...>....
#........##.!....#
##.....)..##......#
.#..............@l#
.####.####...######
.# #.# #...# .#
#.######.#
.####......#.#
.).........# #
.#####.....#
.....#.....#
...........+


You could see an iguana.

Vanquished Creatures
  A dart slug (D:4)
  An orc (D:4)
  2 hobgoblins (D:4)
  6 goblins
10 creatures vanquished.

Notes
Turn   | Place    | Note
-------+----------+-------------------------------------------
     0 | D:5      | croobank the Octopode Delver began the quest for the Orb.
     0 | D:5      | Reached XP level 1. HP: 16/16 MP: 1/1
    12 | D:6      | Noticed a hound
    14 | D:6      | Noticed an ice beast
    38 | D:4      | Found a staircase to the Ecumenical Temple.
    53 | Temple   | Entered the Ecumenical Temple
   235 | Temple   | Became a worshipper of Hepliaklqana the Forgotten
   477 | D:4      | Reached XP level 2. HP: 21/21 MP: 2/2
   678 | D:4      | Slain by an iguana

Illustrated notes

Levels and vault maps discovered:
D:3:      layout_loops_ring, uniq_ijyb
D:4:      layout_basic, nicolae_ru_path_of_blood, minmay_temple_entry_overgrown,
          serial_shops, shop_statue, minmay_lizard_king, uniq_duvessa,
          uniq_robin
D:5:      layout_basic, dancing_weapons_uskayaw, lemuel_tele_altar,
          uniq_crazy_yiuf_cottage
D:6:      lemuel_slime, layout_rooms
Temple:   regret_index_temple_generic_petals

Action                   || total
-------------------------++-------
Melee: Unarmed           ||    23
       Constrict         ||     7
       Tentacles         ||     5
  Use: Scroll            ||     1
       Potion            ||     1
 Stab: Sleeping          ||     2
Armor: Skin              ||     2
Dodge: Dodged            ||    10
